 Dungeon Crawl Stone Soup version 0.20.0-15-g7f486f2 (webtiles) character file.

8015 polve the Carver (level 11, -7/55 HPs)
             Began as a Vine Stalker Fighter on July 1, 2017.
             Was a Follower of Uskayaw.
             Mangled by a two-headed ogre
             ... wielding a +0 giant club
              (19 damage)
             ... on level 10 of the Dungeon.
             The game lasted 00:14:30 (8672 turns).

polve the Carver (Vine Stalker Fighter)             Turns: 8672, Time: 00:14:31

Health: -7/55      AC: 11    Str: 18    XL:     11   Next: 24%
Magic:  0/21       EV:  4    Int:  8    God:    Uskayaw [*.....]
Gold:   504        SH:  8    Dex: 18    Spells: 10/10 levels left

rFire    . . .     SeeInvis .   a - +0 long sword
rCold    + . .     Gourm    .   c - +0 shield
rNeg     . . .     Faith    .   F - +0 chain mail {rC+}
rPois    .         Spirit   +   i - +0 helmet
rElec    .         Reflect  .   y - +0 cloak
rCorr    .         Harm     .   (no gloves)
MR       +....     Rnd*Tele +   (no boots)
Stlth    ..........             (no amulet)
Regen    0.6/turn               k - ring of magical power
MPRegen  0.2/turn               B - ring of teleportation (curse)

@: heavily drained
A: fangs 3, regeneration 1, magic shield, antimagic bite, no potion heal 3, rot
immunity
a: Stomp, Renounce Religion


You were on level 10 of the Dungeon.
You worshipped Uskayaw.
Uskayaw was noncommittal.
You were not hungry.

You visited 2 branches of the dungeon, and saw 11 of its levels.

You collected 504 gold pieces.

Inventory:

Hand Weapons
 a - a +0 long sword (weapon)
Armour
 c - a +0 shield (worn)
 i - a +0 helmet (worn)
 y - a +0 cloak (worn)
 F - a +0 chain mail of cold resistance (worn)
Jewellery
 k - a ring of magical power (left hand)
 x - an uncursed ring of positive energy
 B - a cursed ring of teleportation (right hand)
Wands
 g - a wand of iceblast (12/15)
 l - a wand of iceblast (8/15)
 D - a wand of acid (9/15)
 E - a wand of scattershot (2/9)
Scrolls
 m - 6 scrolls of amnesia
 n - 4 scrolls of teleportation
 p - a scroll of enchant armour
 s - 3 scrolls of magic mapping
 v - a scroll of acquirement {unknown}
 A - a scroll of noise {unknown}
 G - a scroll of fear
Potions
 b - a potion of magic {unknown}
 d - 2 potions of might
 e - 3 potions of cancellation {unknown}
 o - 3 potions of lignification {unknown}
 q - 3 potions of mutation {unknown}
 t - a potion of brilliance {unknown}
 w - a potion of haste {unknown}
 z - 8 potions of curing
 C - a potion of ambrosia {unknown}
 H - a potion of invisibility {unknown}
Books
 r - a book of Flames

   Spells                             Type                      Level
   a - Flame Tongue                   Conjuration/Fire             1
   b - Throw Flame                    Conjuration/Fire             2
   c - Conjure Flame                  Conjuration/Fire             3
   d - Inner Flame                    Hexes/Fire                   3
   e - Sticky Flame                   Conjuration/Fire             4
   f - Fireball                       Conjuration/Fire             5
Comestibles
 f - 7 bread rations
 h - a royal jelly
 j - 5 meat rations
 u - 12 chunks of flesh


   Skills:
 + Level 5.1(3.0) Fighting
 - Level 14.0(11.4) Long Blades
 + Level 4.4(2.3) Armour
 - Level 2.6(0.7) Shields


You had 10 spell levels left.
You didn't know any spells.

Dungeon Overview and Level Annotations

Branches:
Dungeon (10/15)            Temple (1/1) D:6            Lair (0/6) D:8
    Orc (0/2) D:9

Altars:
Ashenzari
Cheibriados
Dithmenos
Elyvilon
Fedhas
Gozag
Hepliaklqana
Kikubaaqudgha
Makhleb
Nemelex Xobeh
Okawaru
Qazlal
Ru
Sif Muna
Trog
Uskayaw
Vehumet
Xom
Yredelemnul
Zin
The Shining One

Annotations:
D:10 2 runed doors


Innate Abilities, Weirdness & Mutations

You have razor-sharp teeth.
Your natural rate of healing is unusually fast.
When hurt, damage is shared between your health and your magic reserves.
Your bite disrupts and absorbs the magic of your enemies.
Potions cannot restore your health.
You are immune to rotting.


Message History

You see here a scale mail.
Things that are here:
an enchanted trident; a robe You block the two-headed ogre's attack.
The two-headed ogre barely misses you.
Things that are here:
a flail; an embroidered robe You hit the two-headed ogre but do no damage.
Your bite misses the two-headed ogre.
The two-headed ogre is lightly wounded.
The two-headed ogre hits you with a giant club.
The two-headed ogre barely misses you.
You slash the two-headed ogre! You bite the two-headed ogre.
You drain its power.
You feel invigorated.
The two-headed ogre is moderately wounded.
You hit the two-headed ogre.
The two-headed ogre is moderately wounded.
The two-headed ogre hits you with a giant club!!
* * * LOW HITPOINT WARNING * * *
The two-headed ogre hits you with a giant spiked club!!
You die...

################
................
######################.######..
...........)..@O...............
##.....#############.######.. #
#.....######### #.# #.. ###
#.............# #)########
..####.............#####..<..#
..........>...........)......#
.......................).....#
.............................#
.............................#


You could see a two-headed ogre.

Vanquished Creatures
  A two-headed ogre (D:8)
  The ghost of ThePrince the Chopper, a novice MiFi (D:5)
  Pikel (D:8)
  Psyche (D:8)
  Grinder (D:3)
  4 hippogriffs (D:7)
  Sigmund (D:3)
  A wyvern (D:8)
  4 yaks (D:8)
  Eustachio (D:6)
  3 porcupines (D:8)
  An ice beast (D:7)
  An orc warrior (D:9)
  3 black bears
  A slave (D:8)
  4 ogres
  2 phantoms
  2 necrophages
  3 crocodiles (D:8)
  7 bullfrogs
  A water moccasin zombie (D:5)
  2 scorpions
  4 killer bees (D:8)
  8 wights
  A howler monkey (D:6)
  A bullfrog zombie (D:7)
  7 crimson imps
  A centaur zombie (D:7)
  2 centaur skeletons
  3 hounds
  2 jellies
  Crazy Yiuf (D:3)
  4 orc priests
  A bullfrog skeleton (D:6)
  Natasha (thrice) (D:2)
  Terence (D:2)
  2 iguanas
  7 orc wizards
  6 worker ants
  A hound zombie (D:5)
  2 hound skeletons (D:7)
  A worker ant zombie (D:5)
  2 howler monkey zombies
  Robin (D:3)
  11 gnolls
  A howler monkey skeleton (D:7)
  8 adders
  A shadow imp (D:5)
  An ooze (D:7)
  2 adder skeletons
  3 worms
  7 dart slugs
  3 leopard geckos
  29 orcs
  4 giant cockroaches
  12 goblins
  8 hobgoblins
  10 jackals
  8 kobolds
  2 quokkas
  3 ball pythons
  5 bats
  4 frilled lizards (D:3)
  11 rats
240 creatures vanquished.

Vanquished Creatures (others)
  A hungry ghost (D:8)
  2 slaves (D:8)
  6 fungi (D:8)
  3 plants (D:8)
12 creatures vanquished.

Grand Total: 252 creatures vanquished

Notes
Turn   | Place    | Note
-------+----------+-------------------------------------------
     0 | D:1      | polve the Vine Stalker Fighter began the quest for the Orb.
     0 | D:1      | Reached XP level 1. HP: 11/11 MP: 2/2
    14 | D:1      | Reached skill level 2 in Long Blades
   270 | D:1      | Reached XP level 2. HP: 16/16 MP: 3/3
   492 | D:1      | Reached skill level 3 in Long Blades
   603 | D:1      | Reached XP level 3. HP: 16/19 MP: 4/4
   899 | D:2      | Found a faded altar of an unknown god.
  1122 | D:2      | Noticed Natasha
  1132 | D:2      | Killed Natasha
  1132 | D:2      | Gained mutation: Your natural rate of healing is unusually fast. [Vine Stalker growth]
  1132 | D:2      | Reached XP level 4. HP: 16/23 MP: 5/5
  1219 | D:2      | Reached skill level 4 in Long Blades
  1255 | D:2      | Noticed Natasha
  1266 | D:2      | Killed Natasha
  1318 | D:2      | Noticed Terence
  1326 | D:2      | Killed Terence
  1326 | D:2      | Reached XP level 5. HP: 27/27 MP: 6/6
  1368 | D:2      | Noticed Natasha
  1373 | D:2      | Killed Natasha
  1376 | D:2      | Reached skill level 5 in Long Blades
  1606 | D:3      | Noticed Sigmund
  1672 | D:3      | Noticed Robin
  1677 | D:3      | Killed Robin
  1754 | D:3      | Killed Sigmund
  1754 | D:3      | Reached skill level 6 in Long Blades
  1754 | D:3      | Reached XP level 6. HP: 18/32 MP: 7/7
  1969 | D:2      | HP: 1/32 [rat (2)]
  2317 | D:3      | Found a runed door.
  2321 | D:3      | Noticed Crazy Yiuf
  2329 | D:3      | Killed Crazy Yiuf
  2329 | D:3      | Reached XP level 7. HP: 28/35 MP: 8/8
  2383 | D:3      | Noticed Grinder
  2398 | D:3      | Paralysed by Grinder for 7 turns
  2412 | D:3      | Killed Grinder
  2412 | D:3      | Reached skill level 7 in Long Blades
  2887 | D:4      | Reached skill level 8 in Long Blades
  3355 | D:5      | Entered Level 5 of the Dungeon
  3419 | D:5      | Gained mutation: You have razor-sharp teeth. [Vine Stalker growth]
  3419 | D:5      | Reached XP level 8. HP: 30/39 MP: 9/9
  3463 | D:5      | Noticed ThePrince's ghost (novice MiFi)
  3777 | D:5      | Reached skill level 9 in Long Blades
  3875 | D:5      | Killed ThePrince's ghost
  3875 | D:5      | Reached skill level 10 in Long Blades
  4211 | D:5      | Reached XP level 9. HP: 33/43 MP: 10/10
  4488 | D:6      | Noticed Eustachio
  4503 | D:6      | Killed Eustachio
  4628 | D:6      | Reached skill level 11 in Long Blades
  4921 | D:6      | Found a staircase to the Ecumenical Temple.
  5000 | Temple   | Entered the Ecumenical Temple
  5085 | Temple   | Became a worshipper of Uskayaw the Reveler
  5247 | D:7      | Reached * piety under Uskayaw
  5250 | D:7      | Reached ** piety under Uskayaw
  5261 | D:7      | Reached *** piety under Uskayaw
  5268 | D:7      | Reached **** piety under Uskayaw
  5614 | D:7      | Reached skill level 12 in Long Blades
  5628 | D:7      | Reached ***** piety under Uskayaw
  5734 | D:7      | Reached XP level 10. HP: 45/47 MP: 11/11
  6332 | D:8      | Reached skill level 13 in Long Blades
  6505 | D:8      | Noticed a two-headed ogre
  6514 | D:8      | Killed a two-headed ogre
  6671 | D:8      | Found a staircase to the Lair.
  6782 | D:8      | Noticed Pikel
  6797 | D:8      | Killed Pikel
  6810 | D:8      | Reached skill level 14 in Long Blades
  6876 | D:8      | Reached XP level 11. HP: 30/53 MP: 12/12
  7082 | D:8      | Noticed Psyche
  7094 | D:8      | Killed Psyche
  7711 | D:9      | Found a staircase to the Orcish Mines.
  7909 | D:9      | Found a sparkling altar of Nemelex Xobeh.
  8382 | D:10     | Entered Level 10 of the Dungeon
  8408 | D:9      | Reached skill level 5 in Fighting
  8519 | D:10     | Found a large runed door.
  8519 | D:10     | Found a large runed door.
  8618 | D:10     | Noticed a two-headed ogre
  8672 | D:10     | Mangled by a two-headed ogre

Skill      XL: |  1  2  3  4  5  6  7  8  9 10 11 |
---------------+----------------------------------+-----
Long Blades    | 2 3 4 6 8 10 12 14 | 14.0
Fighting       | 3 5 |  5.1
Armour         | 3 4 |  4.4
Shields        | |  2.6

Action                   |  1- 3 |  4- 6 |  7- 9 | 10-12 || total
-------------------------+-------+-------+-------+-------++-------
Melee: Long sword        |    83 |   165 |   315 |   407 ||   970
       Bite              |    19 |    51 |   135 |   172 ||   377
  Use: Potion            |       |     1 |     3 |       ||     4
       Scroll            |       |     5 |     3 |     2 ||    10
 Stab: Paralysed         |       |       |     5 |    12 ||    17
  Eat: Chunk             |     1 |     4 |    11 |    10 ||    26
Armor: Scale mail        |    28 |    26 |       |       ||    54
       Leather armour    |       |    16 |    66 |    16 ||    98
       Chain mail        |       |       |       |    92 ||    92
Dodge: Dodged            |    19 |    41 |    83 |    59 ||   202
Block: Shield            |    40 |    82 |   125 |   129 ||   376
       Rpst.: Long sword |     6 |    13 |    31 |    18 ||    68
